 Dungeon Sprint DCSS version 0.22.1-2-g9c5b331 (webtiles) character file.

1828 diana the Carver (level 8, -3/71 HPs)
             Began as a Demonspawn Gladiator on Dec 22, 2018.
             Was a Follower of Okawaru.
             Slain by a chaos spawn (10 damage)
             ... summoned by an orc high priest
             ... in the Dungeon (Sprint III: "The Ten Rune Challenge").
             The game lasted 00:07:08 (1693 turns).

diana the Carver (Demonspawn Gladiator)             Turns: 1693, Time: 00:07:09

Health: -3/71      AC:  7    Str: 19    XL:     8   Next: 86%
Magic:  0/11       EV: 23    Int: 10    God:    Okawaru [*.....]
Gold:   44         SH:  0    Dex: 19    Spells: 7/7 levels left

rFire    . . .     SeeInvis .   a - +0 long sword
rCold    + . .     Gourm    .   (no shield)
rNeg     . . .     Faith    .   b - +0 leather armour
rPois    +         Spirit   +   c - +0 helmet
rElec    .         Reflect  .   n - +0 cloak
rCorr    .         Harm     .   (no gloves)
MR       .....     NoTele   +   (no boots)
Stlth    +++.......             (no amulet)
HPRegen  0.21/turn              l - +5 ring of dexterity
MPRegen  0.12/turn              (no ring)

@: heroism
A: hooves 1, cold resistance 1, demonic guardian 1, poison resistance, strong 1,
magic shield, MP-powered wands
a: Heroism, Renounce Religion


You were in the Dungeon.
You worshipped Okawaru.
Okawaru was aware of your devotion.
You were not hungry.

You visited 1 branch You collected 44 gold pieces.

Inventory:

Hand Weapons
 a - a +0 long sword (weapon)
 g - a +0 long sword of holy wrath
Missiles
 d - 2 throwing nets (quivered)
Armour
 b - a +0 leather armour (worn)
 c - a +0 helmet (worn)
 j - a +0 scale mail of cold resistance
 n - a +0 cloak (worn)
Jewellery
 l - a +5 ring of dexterity (left hand)
Scrolls
 k - a scroll of blinking
 m - 3 scrolls of identify
 p - 2 scrolls of holy word {unknown}
 q - 2 scrolls of remove curse
 s - a scroll of enchant armour {unknown}
 t - a scroll of fear {unknown}
Potions
 e - 5 potions of curing
 h - a potion of haste
 i - 2 potions of magic
 o - 2 potions of mutation
 u - a potion of flight
Miscellaneous
 r - a sack of spiders
Comestibles
 f - 3 rations


   Skills:
 + Level 9.2(14.2) Fighting
 * Level 11.8(16.8) Long Blades
 - Level 1.7(6.7) Throwing
 + Level 7.4(12.4) Armour
 + Level 8.7(13.7) Dodging
 + Level 4.1 Invocations


You had 7 spell levels left.
You didn't know any spells.
Your spell library contained the following spells:

 Spells                   Type           Power        Failure   Level  Hunger
 Corona                   Hex            #......      38%         1    ##.....
 Slow                     Hex            #.......     54%         2    ###....
 Inner Flame              Hex/Fire       #.......     77%         3    ####...
 Portal Projectile        Hex/Tloc       #.....       77%         3    ####...
 Cause Fear               Hex            #.........   99%         4    #####..
 Leda's Liquefaction      Hex/Erth       #.........   99%         4    #####..


Dungeon Overview and Level Annotations

Branches:
Dungeon (1/1)

Altars:
Cheibriados
Dithmenos
Elyvilon
Fedhas
Gozag
Hepliaklqana
Kikubaaqudgha
Makhleb
Nemelex Xobeh
Okawaru
Qazlal
Ru
Sif Muna
Trog
Uskayaw
Vehumet
Wu Jian
Xom
Yredelemnul
Zin
The Shining One
Beogh
Jiyva
Lugonu


Innate Abilities, Weirdness & Mutations

You have large cloven feet.
A weak demonic guardian rushes to your aid.
When hurt, damage is shared between your health and your magic reserves.
Your flesh is cold resistant. (rC+)
Your system is resistant to poisons. (rPois)
Your muscles are strong. (Str +2)
You expend magic power (3 MP) to strengthen your wands.


Message History

You gain the combat prowess of a mighty hero.
The orc high priest hits you with a dire flail of holy wrath.
* * * LOW HITPOINT WARNING * * *
You convulse.
* * * LOW HITPOINT WARNING * * *
The chaos spawn barely misses you.
You slash the orc high priest! Your kick misses the orc high priest.
The orc high priest is heavily wounded.
The orc high priest mumbles some strange prayers to Beogh against you.
Beogh smites you!
* * * LOW HITPOINT WARNING * * *
The chaos spawn closely misses you.
You riposte.
You hit the chaos spawn. You kick the chaos spawn.
The chaos spawn is heavily wounded.
You hit the orc high priest.
The orc high priest is heavily wounded.
You slash the orc high priest!
The orc high priest is severely wounded.
The orc high priest misses you. The chaos spawn gores you!
You die...

▓#'####....♣.♣ ♣.
▓.....#....≈♣ ♣♣♣.
▓.....#...≈≈♣♣♣.♣.
▓.....#.)≈≈≈≈♣♣...
▓####'#..≈≈≈o≈≈♣♣.
▓.....#.≈≈≈≈≈≈....
▓.....#.≈≈≈3§.....
▓5....#.≈≈≈.......
▓@#####...........
▓o45..............
▓▓▓▓▓▓▓▓▓▓▓▓▓▓▓▓▓▓


You could see an orc high priest, a chaos spawn, a friendly white imp and a
friendly shadow imp.

Vanquished Creatures
  Josephine (D)
  A deep elf mage (D)
  A shadow (D)
  A spatial vortex (D)
  A necrophage (D)
  An earth elemental (D)
  A water elemental (D)
  A jelly (D)
  Crazy Yiuf (D)
  A wizard (D)
  3 humans (D)
  A kobold demonologist (D)
  An ooze (D)
  An orc (D)
  3 rats (D)
19 creatures vanquished.

Vanquished Creatures (collateral kills)
  A necromancer (D)
1 creature vanquished.

Vanquished Creatures (others)
  2 draconian scorchers (D)
  6 hellions (D)
  2 yaktaurs (D)
10 creatures vanquished.

Grand Total: 30 creatures vanquished

Notes
Turn   | Place    | Note
-------+----------+-------------------------------------------
     0 | D        | diana the Demonspawn Gladiator began the quest for the Orb.
     0 | D        | Reached XP level 1. HP: 16/16 MP: 1/1
    10 | D        | Reached skill level 3 in Long Blades
    98 | D        | Killed a hellion
    99 | D        | Killed a hellion
   103 | D        | Killed a hellion
   115 | D        | Killed a hellion
   117 | D        | Killed a hellion
   132 | D        | Noticed Crazy Yiuf
   141 | D        | Killed Crazy Yiuf
   141 | D        | Reached skill level 4 in Long Blades
   141 | D        | Gained mutation: You have large cloven feet. [demonic
                  | ancestry]
   141 | D        | Reached XP level 2. HP: 4/24 MP: 2/2
   141 | D        | Reached XP level 3. HP: 5/29 MP: 3/3
   141 | D        | Killed a yaktaur
   141 | D        | HP: 2/43 [human (3)]
   145 | D        | Reached skill level 5 in Long Blades
   150 | D        | Killed a hellion
   156 | D        | Killed a white draconian scorcher
   181 | D        | Gained mutation: You tend to lose your temper in combat.
                  | [potion of mutation]
   181 | D        | Gained mutation: You have very sharp teeth. [potion of
                  | mutation]
   181 | D        | Gained mutation: You are agile. (Dex +2) [potion of
                  | mutation]
   182 | D        | Lost mutation: You have very sharp teeth. [potion of
                  | mutation]
   182 | D        | Lost mutation: You are agile. (Dex +2) [potion of mutation]
   182 | D        | Lost mutation: You tend to lose your temper in combat.
                  | [potion of mutation]
   182 | D        | Gained mutation: Your muscles are strong. (Str +2) [potion
                  | of mutation]
   182 | D        | Gained mutation: Your system is resistant to poisons.
                  | (rPois) [potion of mutation]
   182 | D        | Gained mutation: Your flesh is cold resistant. (rC+)
                  | [potion of mutation]
   182 | D        | Gained mutation: You expend magic power (3 MP) to
                  | strengthen your wands. [potion of mutation]
   190 | D        | Killed a white draconian scorcher
   419 | D        | Noticed a water elemental
   430 | D        | Killed a water elemental
   430 | D        | Reached skill level 6 in Long Blades
   430 | D        | Reached XP level 4. HP: 31/38 MP: 4/4
   456 | D        | Found a radiant altar of Vehumet.
   456 | D        | Found a deep blue altar of Sif Muna.
   456 | D        | Found an ancient bone altar of Kikubaaqudgha.
   456 | D        | Noticed a wizard
   463 | D        | Killed a wizard
   463 | D        | Reached skill level 5 in Fighting
   463 | D        | Reached skill level 5 in Dodging
   463 | D        | Gained mutation: When hurt, damage is shared between your
                  | health and your magic reserves. [demonic ancestry]
   463 | D        | Reached XP level 5. HP: 37/44 MP: 5/5
   471 | D        | Noticed a chaos spawn
   479 | D        | Reached skill level 7 in Long Blades
   598 | D        | Found a glowing silver altar of Zin.
   599 | D        | Found a glowing golden altar of the Shining One.
   599 | D        | Found a white marble altar of Elyvilon.
   599 | D        | Noticed a deep elf mage
   611 | D        | HP: 2/44 [deep elf mage/long sword of holy wrath (2)]
   621 | D        | Noticed an ice beast
   623 | D        | Killed a deep elf mage
   623 | D        | Reached skill level 9 in Long Blades
   623 | D        | Reached skill level 5 in Armour
   623 | D        | Reached XP level 6. HP: 28/55 MP: 1/6
   623 | D        | Gained mutation: A weak demonic guardian rushes to your
                  | aid. [demonic ancestry]
   623 | D        | Reached XP level 7. HP: 30/60 MP: 1/7
   773 | D        | Found a basalt altar of Yredelemnul.
   773 | D        | Found a shadowy altar of Dithmenos.
   773 | D        | Found a sacrificial altar of Ru.
   794 | D        | Found a hide-covered altar of Uskayaw.
   794 | D        | Found an iron altar of Okawaru.
   795 | D        | Found a roughly hewn altar of Beogh.
   795 | D        | Found a bloodstained altar of Trog.
   795 | D        | Found an ornate altar of the Wu Jian Council.
   795 | D        | Noticed a human
   795 | D        | Noticed a human
   808 | D        | Killed a human
   808 | D        | Reached skill level 10 in Long Blades
   824 | D        | Killed a human
   829 | D        | Became a worshipper of Warmaster Okawaru
  1016 | D        | Noticed a shadow
  1020 | D        | Killed a shadow
  1020 | D        | Reached XP level 8. HP: 57/69 MP: 6/8
  1128 | D        | Found a blossoming altar of Fedhas.
  1128 | D        | Found a stormy altar of Qazlal.
  1128 | D        | Found a snail-covered altar of Cheibriados.
  1128 | D        | Found a burning altar of Makhleb.
  1128 | D        | Found a shimmering altar of Xom.
  1129 | D        | Found a hazy altar of Hepliaklqana.
  1129 | D        | Found an opulent altar of Gozag.
  1129 | D        | Found a sparkling altar of Nemelex Xobeh.
  1129 | D        | Found a corrupted altar of Lugonu.
  1129 | D        | Found a viscous altar of Jiyva.
  1137 | D        | Reached skill level 11 in Long Blades
  1230 | D        | Noticed Josephine
  1243 | D        | Killed Josephine
  1243 | D        | Reached * piety under Okawaru
  1285 | D        | Killed a yaktaur
  1634 | D        | Noticed an orc high priest
  1651 | D        | Noticed a smoke demon
  1693 | D        | Slain by a chaos spawn

Skill      XL: |  1  2  3  4  5  6  7  8 |
---------------+-------------------------+-----
Long Blades    | 4 6 9 10 11 | 11.8
Dodging        | 3 4 5 7 8 |  8.7
Fighting       | 3 4 5 7 8 9 |  9.2
Armour         | 2 5 6 7 |  7.4
Invocations    | 4 |  4.1
Throwing       | |  1.7

Action                   |  1- 3 |  4- 6 |  7- 9 || total
-------------------------+-------+-------+-------++-------
Melee: Long sword        |    27 |    33 |    79 ||   139
       Kick              |     6 |    12 |    41 ||    59
Throw: Throwing net      |       |     4 |     1 ||     5
Invok: Heroism           |       |       |     1 ||     1
  Use: Potion            |     4 |     1 |       ||     5
 Stab: Sleeping          |       |     1 |       ||     1
       Distracted        |       |       |     2 ||     2
       Held in net/web   |       |       |     2 ||     2
  Eat: Ration            |       |       |     1 ||     1
Armor: Leather armour    |     8 |     3 |     3 ||    14
Dodge: Dodged            |    13 |    19 |    29 ||    61
       Rpst.: Long sword |     4 |     6 |    10 ||    20
